AoeStats
← ALIKOG_IR

Lombardia

509038178Analyzed
2v2 RM · 6d ago on Sep 25, 2026· 51m 28s· 4 players
Game mode
Random Map
Map size
Medium (4 player)
Population
200
Speed
Normal
Resources
Standard
Victory
Conquest
Starting age
Dark Age
Ending age
Imperial Age
RankedLock teamsTeams togetherTeam positionsShared explorationLock speedFull tech treeHidden civsTurbo modeCheats
Victory
Defeat
🇦🇷 Khitans · Argentina
1219
+10
🇦🇷 Persians · Argentina
948
+20
🇨🇳 Inca · China
1063
-15
🇨🇳 Danes · China
1062
-15
showkingguang
4:57 Loom
10:38 Feudal Age
12:40 Wheelbarrow
11:54 Double-Bit Axe
11:34 Man-at-Arms
12:37 Arson
13:45 Horse Collar
16:00 Town Watch
26:42 Castle Age
26:34 Forging
26:27 Scale Mail Armor
26:37 Forging
26:53 Pikeman
29:32 Squires
29:21 Gambesons
28:57 Long Swordsman
35:28 Chain Mail Armor
41:41 Hand Cart
42:02 Gold Mining
42:03 Stone Mining
45:26 Iron Casting
45:14 Bow Saw
50:30 Town Patrol
THEONE
1:08 Loom
10:44 Feudal Age
24:33 Castle Age
23:58 Horse Collar
24:07 Double-Bit Axe
24:39 Forging
24:30 Scale Mail Armor
24:28 Gold Mining
25:58 Pikeman
26:56 Squires
30:10 Bow Saw
31:11 Iron Casting
30:51 Chain Mail Armor
35:57 Chain Mail Armor
37:00 Heavy Plow
45:55 Imperial Age
48:21 Halberdier
Mehrab
13:28 Feudal Age
14:29 Double-Bit Axe
14:49 Loom
18:41 Castle Age
16:48 Horse Collar
18:28 Man-at-Arms
29:37 Crossbowman
30:13 Fletching
31:38 Wheelbarrow
30:48 Town Watch
33:42 Heavy Plow
35:03 Kamandaran
36:47 Bow Saw
40:32 Imperial Age
38:20 Bodkin Arrow
38:25 Padded Archer Armor
40:29 Ballistics
44:26 Leather Archer Armor
46:27 Hand Cart
46:44 Crop Rotation
45:54 Cavalier
47:54 Chemistry
48:16 Conscription
48:54 Forging
49:09 Devotion
48:36 Savar
49:27 Bloodlines
49:18 Husbandry
52:12 Iron Casting
51:42 Scale Barding Armor
ALIKOG_IR
6:42 Loom
9:19 Feudal Age
9:55 Double-Bit Axe
10:37 Domestication
12:54 Forging
16:23 Scale Barding Armor
22:21 Castle Age
23:18 Pastoralism
23:30 Bow Saw
23:59 Iron Casting
23:26 Husbandry
24:47 Light Cavalry
30:42 Wheelbarrow
31:11 Chain Barding Armor
35:05 Town Watch
35:36 Hand Cart
35:16 Gold Mining
35:16 Stone Mining
38:56 Imperial Age
36:49 Scale Mail Armor
38:06 Chain Mail Armor
39:33 Elite Steppe Lancer
41:13 Plate Barding Armor
41:10 Plate Mail Armor
41:03 Elite Liao Dao
42:26 Stone Shaft Mining
42:01 Arson
42:17 Squires
42:02 Gambesons
42:48 Ordo Cavalry
43:04 Conscription
49:17 Siege Engineers
49:33 Ballistics
50:13 Chemistry
49:25 Masonry
48:57 Treadmill Crane
49:28 Fortified Wall
49:13 Murder Holes
50:49 Fletching
Connection lost

Rejoining the realm…

Still unreachable

The connection could not be restored.

Session expired

The server has moved on; the page needs a fresh start.